 Dungeon Crawl Stone Soup version 0.21-a0-582-g1b93aee (webtiles) character file.

186 sithsevirus the Shield-Bearer (level 5, -2/37 HPs)
             Began as an Octopode Fighter on Dec 19, 2017.
             Slain by an orc wizard
             ... wielding a +4 dagger of speed
              (6 damage)
             ... on level 4 of the Dungeon.
             The game lasted 00:12:34 (2697 turns).

sithsevirus the Shield-Bearer (Octopode Fighter)    Turns: 2697, Time: 00:12:35

Health: -2/37      AC:  1    Str: 15    XL:     5   Next: 66%
Magic:  5/5        EV: 10    Int: 12    God:
Gold:   138        SH: 15    Dex: 11    Spells: 4/4 levels left

rFire    . . .     SeeInvis .   a - +0 trident
rCold    . . .     Gourm    .   e - +2 large shield
rNeg     . . .     Faith    .   (helmet restricted)
rPois    .         Spirit   .   (no amulet)
rElec    .         Reflect  .   (no ring)
rCorr    .         Harm     .   (no ring)
MR       .....                  (no ring)
Stlth    ++........             (no ring)
HPRegen  0.12/turn              (no ring)
MPRegen  0.09/turn              (no ring)
                                (no ring)
                                (no ring)

@: no status effects
A: almost no armour, stealthy swim, amphibious, 8 rings, constrict 8, camouflage
1, gelatinous body 1
a: no special abilities


You were on level 4 of the Dungeon.
You were hungry.

You visited 1 branch of the dungeon, and saw 4 of its levels.

You collected 138 gold pieces.

Inventory:

Hand Weapons
 a - a +0 trident (weapon)
 n - a +0 hunting sling
Missiles
 i - 86 stones (quivered)
 m - 26 sling bullets
Armour
 e - a +2 large shield (worn)
Scrolls
 b - a scroll of amnesia {unknown}
 f - 2 scrolls of teleportation
 h - a scroll of magic mapping
 k - a scroll of enchant weapon {unknown}
 l - a scroll of remove curse
Potions
 c - a potion of might
 g - a potion of agility
 j - a potion of degeneration {unknown}
 o - a potion of mutation {unknown}
 p - a potion of curing {unknown}
 q - a potion of haste {unknown}
 r - a potion of brilliance {unknown}
Comestibles
 d - 6 rations


   Skills:
 + Level 3.7 Fighting
 * Level 3.8 Polearms
 + Level 3.8 Dodging
 + Level 3.8 Shields


You had 4 spell levels left.
You didn't know any spells.

Dungeon Overview and Level Annotations

Branches:
Dungeon (4/15)
 Temple: D:4-7

Altars:
Zin


Innate Abilities, Weirdness & Mutations

You cannot wear most types of armour.
You are very stealthy in the water. (Stealth+)
You are amphibious.
You can wear up to eight rings at the same time.
You can use your tentacles to constrict eight enemies at once.
Your skin changes colour to match your surroundings (Stealth+).
Your rubbery body absorbs attacks. (AC +1, EV +1)


Message History

Something hits you. x2
* * * LOW HITPOINT WARNING * * *
Attack whom?
Press: ? - help, Dir - move target cursor, f/p - orc wizard
Aim: an orc wizard, wielding a dagger and wearing a robe (fast)
Something you can't see is in the way.
You miss something. Your squeeze misses something.
You hear some strange, mumbled words.
Something tries to affect you, but you resist.
Attack whom?
Press: ? - help, Dir - move target cursor, f/p - orc wizard
Aim: an orc wizard, wielding a dagger and wearing a robe (fast)
Something you can't see is in the way.
You closely miss something. Something hits you!
* * * LOW HITPOINT WARNING * * *
Something completely misses you. The orc wizard casts a spell at you.
The puff of flame hits something.
You closely miss something. You squeeze something. Something hits you.
You die...

...# .# ...# .# ...# .######
o..###### #.......#
...#.###.........###........
#.....<....).##............
#######..#..o..............
#..#ooo####.........
#..##o)@............
#.#######.....$.... ...
##.......?# #.# ##........#
.# #.......... #..........
#.......... #..<.......
#..........


You could see an orc priest, an orc wizard and 3 orcs.

Vanquished Creatures
  An orc priest (D:4)
  A worker ant (D:3)
  5 adders (D:3)
  2 oozes
  6 worms
  A dart slug (D:1)
  An orc (D:4)
  3 giant cockroaches
  5 goblins
  9 hobgoblins
  2 jackals (D:2)
  6 kobolds
  2 quokkas (D:3)
  6 bats
  8 frilled lizards
  8 rats
66 creatures vanquished.

Notes
Turn   | Place    | Note
-------+----------+-------------------------------------------
     0 | D:1      | sithsevirus the Octopode Fighter began the quest for the Orb.
     0 | D:1      | Reached XP level 1. HP: 16/16 MP: 1/1
   297 | D:1      | Reached XP level 2. HP: 21/21 MP: 2/2
   712 | D:1      | Reached XP level 3. HP: 26/26 MP: 3/3
  1385 | D:2      | Found a glowing silver altar of Zin.
  1624 | D:3      | Reached XP level 4. HP: 31/31 MP: 4/4
  2060 | D:3      | Reached XP level 5. HP: 36/36 MP: 5/5
  2697 | D:4      | Slain by an orc wizard

Vault maps used:
D:1:      nicolae_arrival_memento_mori, nrook_mini_vaults
D:2:      zin_scriptorium
D:3:      first_ration
D:4:      grunt_gozag_statues, lightli_ossuary_entry_decrepit_ruins, uniq_edmund

Skill      XL: |  1  2  3 |
---------------+----------+-----
Polearms       | 3 |  3.8
Fighting       | |  3.7
Dodging        | |  3.8
Shields        | |  3.8

Action                   |  1- 3 |  4- 6 || total
-------------------------+-------+-------++-------
Melee: Trident           |    91 |    77 ||   168
       Constrict         |    18 |    14 ||    32
       Tentacles         |    11 |     7 ||    18
Throw: Stone             |     6 |     4 ||    10
  Use: Scroll            |     4 |       ||     4
 Stab: Sleeping          |    11 |     7 ||    18
  Eat: Chunk             |     2 |     3 ||     5
Armor: Skin              |     2 |     1 ||     3
Dodge: Dodged            |     9 |    14 ||    23
Block: Large shield      |    43 |    27 ||    70

Table legend:
 A = Spawn XP
 B = Non-spawn XP
 C = Spawn XP percentage of total XP
 D = Spawn monster count
 E = Non-spawn monster count
 F = Spawn count percentage of total count
 G = Total turns spent on level
                    A         B        C        D         E        F      G
               +---------+---------+-------+---------+---------+-------+---------
         Total |       0 |     267 |   0.0 |       0 |      66 |   0.0 |  2697
               +---------+---------+-------+---------+---------+-------+---------
           D:1 |       0 |      38 |   0.0 |       0 |      20 |   0.0 |   809
           D:2 |       0 |      37 |   0.0 |       0 |      19 |   0.0 |   740
           D:3 |       0 |     148 |   0.0 |       0 |      25 |   0.0 |  1117
           D:4 |       0 |      44 |   0.0 |       0 |       2 |   0.0 |    31
               +---------+---------+-------+---------+---------+-------+---------
